 Dungeon Crawl Stone Soup version 0.30.0-29-ga12c61a403 (webtiles) character file.

Game seed: 15512208848906525922

508 Nicoed the Slasher (level 7, -2/46 (56) HPs)
             Began as a Gnoll Reaver on June 22, 2023.
             Was a Priest of Jiyva.
             Killed from afar by Quickbrownfox's ghost (9 damage)
             ... with a magic dart
             ... on level 4 of the Dungeon.
             The game lasted 00:08:19 (3167 turns).

Nicoed the Slasher (Gnoll Reaver)                   Turns: 3167, Time: 00:08:19

HP:   -2/46 (56)    AC:  6    Str: 19    XL:     7   Next: 18%
MP:   15/15         EV: 16    Int: 13    God:    Jiyva [***...]
Gold: 126           SH:  0    Dex: 10    Spells: 9/17 levels left

rFire   . . .        a - +0 falchion (venom)
rCold   . . .        (no shield)
rNeg    . . .        b - +0 leather armour
rPois   .            (no helmet)
rElec   .            (no cloak)
rCorr   +            (no gloves)
SInv    .            (no boots)
Will    .....        (no amulet)
Stlth   ++           h - ring of flight
HPRegen 1.39/turn    j - +6 ring of strength
MPRegen 0.49/turn

%: no passive effects
@: flying, heavily drained
A: fangs 1, strong nose, distributed training, gelatinous body 3, MP-powered
wands
a: Renounce Religion, Oozemancy


You were on level 4 of the Dungeon.
You worshipped Jiyva.
Jiyva was most pleased with you.
You visited 1 branch of the dungeon, and saw 4 of its levels.

You collected 126 gold pieces.

Inventory:

Hand Weapons
 a - a +0 falchion of venom (weapon)
Missiles
 g - 2 poisoned darts
Armour
 b - a +0 leather armour (worn)
 i - a +0 chain mail
Jewellery
 h - a ring of flight (left hand)
 j - a +6 ring of strength (right hand)
 q - a ring of resist corrosion
Scrolls
 r - a scroll of fog {unknown}
 s - a scroll of teleportation {unknown}
Potions
 c - a potion of magic
 t - a potion of mutation


   Skills:
 + Level 5.2 Fighting
 + Level 2.4 Short Blades
 + Level 7.0 Long Blades
 + Level 2.4 Axes
 + Level 2.4 Maces & Flails
 + Level 2.4 Polearms
 + Level 2.4 Staves
 + Level 2.4 Ranged Weapons
 + Level 2.4 Throwing
 + Level 2.4 Armour
 + Level 5.2 Dodging
 + Level 2.4 Stealth
 + Level 2.4 Shields
 + Level 2.4 Unarmed Combat
 + Level 5.6 Spellcasting
 + Level 5.8 Conjurations
 + Level 2.0 Hexes
 + Level 2.0 Summonings
 + Level 2.0 Necromancy
 + Level 2.0 Translocations
 + Level 2.0 Transmutations
 + Level 2.0 Fire Magic
 + Level 2.0 Ice Magic
 + Level 2.0 Air Magic
 + Level 2.0 Earth Magic
 + Level 2.0 Poison Magic
 + Level 2.7 Invocations
 + Level 2.4 Evocations


You had 9 spell levels left.
You knew the following spells:

 Your Spells              Type           Power      Damage    Failure   Level
a - Kiss of Death         Conj/Necr      52%        2d9       4%          1
b - Momentum Strike       Conj/Tloc      26%        3d8       6%          2
c - Blink                 Tloc           16%        N/A       14%         2
d - Hailstorm             Conj/Ice       13%        3d5       13%         3

Your spell library contained the following spells:

 Spells                   Type           Power      Damage    Failure   Level
 Lesser Beckoning         Tloc           16%        N/A       14%         2


Dungeon Overview and Level Annotations

Branches:
Dungeon (4/15)
 Temple: D:4-7

Altars:
Trog
Vehumet
The Shining One
Jiyva

Shops:
D:1 ?

Annotations:
D:4 Quickbrownfox's ghost, novice DsCj


Innate Abilities, Weirdness & Mutations

You have very sharp teeth.
Your uncanny sense of smell can sniff out nearby items.
Your experience applies equally to all skills.
Your gelatinous body deflects attacks. (AC +3, EV +3)
You expend magic power (3 MP) to strengthen your wands.


Message History

Confirm with . or Enter, or press ? or * to list all spells.
You can't see any susceptible monsters within range! (Use Z to cast anyway.) Unknown command.
Unknown command.
Casting: Kiss of Death (safe; 4% risk of failure)
Confirm with . or Enter, or press ? or * to list all spells.
Okay, then.
Casting: Kiss of Death (safe; 4% risk of failure)
Confirm with . or Enter, or press ? or * to list all spells.
You blink.
Unknown command.
Quickbrownfox's ghost closely misses you.
Casting: Blink (safe; 14% risk of failure)
Confirm with . or Enter, or press ? or * to list all spells.
You are still too unstable to blink.
Unknown command.
Casting: Blink (safe; 14% risk of failure)
Confirm with . or Enter, or press ? or * to list all spells.
You are still too unstable to blink.
Quickbrownfox's ghost attacks as you move away!
Quickbrownfox's ghost hits you.
* * * LOW HITPOINT WARNING * * *
There is an open translucent gate here.
Quickbrownfox's ghost attacks as you move away!
Quickbrownfox's ghost hits you but does no damage.
You feel stable enough to blink again.
Quickbrownfox's ghost shouts, "You must not succeed where I failed!"
Quickbrownfox's ghost hits you but does no damage.
There is an open translucent gate here.
You hear a distant slurping noise.
Quickbrownfox's ghost gestures at you while chanting.
The magic dart hits you.
Quickbrownfox's ghost casts a spell at you.
The magic dart hits you!
* * * LOW HITPOINT WARNING * * *
You hit Quickbrownfox's ghost.
Quickbrownfox's ghost is lightly damaged.
Quickbrownfox's ghost casts a spell at you.
The magic dart hits you!
You die...

.....# #....#
########## ######
#.....#..# #(...(#..#
#..♣..'..##
#(....'...#
#...(.'...# ...#
#.(...#.W.# ....#
#.(..(#.@.# .....
########..# .....
##...## ..>#. #....##
..##
#.....#############
...
##.................##
.....
#........#########..#
....#
#............[....).#
....# #
#.......##.....###..#


You could see Quickbrownfox's ghost.

Vanquished Creatures
  An orc warrior (D:4)
  A black bear (D:4)
  A scorpion (D:4)
  Blork the orc (D:4)
  A howler monkey (D:4)
  An iguana (D:3)
  An orc wizard (D:4)
  A gnoll (D:1)
  3 adders
  An ufetubus (D:4)
  A worm (D:3)
  2 dart slugs (D:2)
  12 orcs
  2 giant cockroaches (D:1)
  9 goblins
  7 hobgoblins
  12 kobolds
  3 quokkas
  4 ball pythons
  5 bats
  6 frilled lizards
  5 rats
80 creatures vanquished.

Vanquished Creatures (others)
  3 jellies (D:4)
  An orc priest (D:4)
  An orc wizard (D:4)
  A statue (D:3)
  2 orcs (D:4)
  A bat (D:3)
  3 endoplasms (D:4)
  3 hobgoblins
  A ball python (D:4)
  A kobold (D:3)
  2 rats (D:3)
19 creatures vanquished.

Grand Total: 99 creatures vanquished

Notes
Turn   | Place    | Note
-------+----------+-------------------------------------------
     0 | D:1      | Nicoed the Gnoll Reaver began the quest for the Orb.
     0 | D:1      | Reached XP level 1. HP: 20/20 MP: 6/6
    58 | D:1      | Reached XP level 2. HP: 17/25 MP: 7/7
   197 | D:1      | Reached skill level 5 in Spellcasting
   197 | D:1      | Reached XP level 3. HP: 6/24 MP: 6/9
   310 | D:1      | Found Caneg's Magic Scroll Boutique.
   844 | D:2      | Reached skill level 1 in Invocations
   927 | D:2      | Reached skill level 1 in Short Blades
   927 | D:2      | Reached skill level 1 in Axes
   927 | D:2      | Reached skill level 1 in Maces & Flails
   927 | D:2      | Reached skill level 1 in Polearms
   927 | D:2      | Reached skill level 1 in Staves
   927 | D:2      | Reached skill level 1 in Ranged Weapons
   927 | D:2      | Reached skill level 1 in Throwing
   927 | D:2      | Reached skill level 1 in Armour
   927 | D:2      | Reached skill level 1 in Stealth
   927 | D:2      | Reached skill level 1 in Shields
   927 | D:2      | Reached skill level 1 in Unarmed Combat
   927 | D:2      | Reached skill level 1 in Evocations
  1055 | D:2      | Reached XP level 4. HP: 23/25 MP: 11/11
  1480 | D:2      | Found a faded altar of an unknown god.
  1575 | D:2      | Prayed at the altar of an unknown god.
  1575 | D:2      | Became a worshipper of Jiyva Jitenes the Shapeless
  1575 | D:2      | Reached * piety under Jiyva
  1789 | D:3      | Killed a frost-covered statue
  1802 | D:3      | Reached ** piety under Jiyva
  1939 | D:3      | Reached skill level 1 in Hexes
  1939 | D:3      | Reached skill level 1 in Summonings
  1939 | D:3      | Reached skill level 1 in Necromancy
  1939 | D:3      | Reached skill level 1 in Translocations
  1939 | D:3      | Reached skill level 1 in Transmutations
  1939 | D:3      | Reached skill level 1 in Fire Magic
  1939 | D:3      | Reached skill level 1 in Ice Magic
  1939 | D:3      | Reached skill level 1 in Air Magic
  1939 | D:3      | Reached skill level 1 in Earth Magic
  1939 | D:3      | Reached skill level 1 in Poison Magic
  2186 | D:3      | Reached *** piety under Jiyva
  2276 | D:3      | Found a radiant altar of Vehumet.
  2447 | D:3      | Found a bloodstained altar of Trog.
  2499 | D:4      | Gained mutation: Your rubbery body absorbs attacks. (AC +1,
                  | EV +1) [Jiyva's grace]
  2499 | D:4      | Gained mutation: Your pliable body absorbs attacks. (AC +2,
                  | EV +2) [Jiyva's grace]
  2499 | D:4      | Gained mutation: Your gelatinous body deflects attacks. (AC
                  | +3, EV +3) [Jiyva's grace]
  2499 | D:4      | Gained mutation: You expend magic power (3 MP) to
                  | strengthen your wands. [Jiyva's grace]
  2500 | D:4      | Noticed a scorpion
  2525 | D:4      | Killed a scorpion
  2526 | D:4      | Reached XP level 5. HP: 22/42 MP: 12/12
  2533 | D:4      | Learned a level 2 spell: Momentum Strike
  2536 | D:4      | Learned a level 2 spell: Blink
  2540 | D:4      | Learned a level 3 spell: Hailstorm
  2615 | D:4      | Noticed an orc warrior
  2747 | D:4      | Noticed Blork the orc
  2749 | D:4      | Noticed a black bear
  2751 | D:4      | Reached XP level 6. HP: 40/48 MP: 14/14
  2760 | D:4      | Killed a black bear
  2761 | D:4      | Reached skill level 5 in Fighting
  2761 | D:4      | Reached skill level 5 in Dodging
  2766 | D:4      | Killed Blork the orc
  2806 | D:4      | Found a glowing golden altar of the Shining One.
  3025 | D:4      | Killed an orc warrior
  3026 | D:4      | Reached skill level 7 in Long Blades
  3026 | D:4      | Reached XP level 7. HP: 32/46 MP: 2/15
  3118 | D:4      | Found a runed translucent gate.
  3119 | D:4      | Found a runed translucent gate.
  3120 | D:4      | Found a runed translucent gate.
  3122 | D:4      | Noticed Quickbrownfox's ghost (novice DsCj)
  3167 | D:4      | Killed from afar by Quickbrownfox's ghost

Illustrated notes

Levels and vault maps discovered:
D:1:      nicolae_arrival_washed_ashore, layout_basic, serial_shops,
          nicolae_shop_trees, hex_medium, wad_floor_pattern_1
D:2:      layout_loops_cross, dreamdust_ecumenical_altar_hidden_monk_grotto
D:3:      layout_basic, lemuel_round_altar, vehumet_statue, minivault_23
D:4:      layout_cave_pools, mainiacjoe_overflow_24_doors,
          ebering_ghost_rock_garden, serial_glass, glass_columns_a,
          glass_columns_a, guppyfry_early_orc_mine, uniq_blork_the_orc

Skill      XL: |  1  2  3  4  5  6  7 |
---------------+----------------------+-----
Spellcasting   | 5 |  5.6
Invocations    | 1 2 |  2.7
Short Blades   | 1 2 |  2.4
Axes           | 1 2 |  2.4
Maces & Flails | 1 2 |  2.4
Polearms       | 1 2 |  2.4
Staves         | 1 2 |  2.4
Ranged Weapons | 1 2 |  2.4
Throwing       | 1 2 |  2.4
Armour         | 1 2 |  2.4
Stealth        | 1 2 |  2.4
Shields        | 1 2 |  2.4
Unarmed Combat | 1 2 |  2.4
Evocations     | 1 2 |  2.4
Hexes          | 1 2 |  2.0
Summonings     | 1 2 |  2.0
Necromancy     | 1 2 |  2.0
Translocations | 1 2 |  2.0
Transmutations | 1 2 |  2.0
Fire Magic     | 1 2 |  2.0
Ice Magic      | 1 2 |  2.0
Air Magic      | 1 2 |  2.0
Earth Magic    | 1 2 |  2.0
Poison Magic   | 1 2 |  2.0
Fighting       | 5 |  5.2
Dodging        | 5 |  5.2
Long Blades    | 7 |  7.0
Conjurations   | |  5.8

Action                     |  1- 3 |  4- 6 |  7- 9 || total
---------------------------+-------+-------+-------++-------
  Melee: Falchion          |    82 |   164 |    33 ||   279
         Bite              |     3 |    14 |     1 ||    18
         Punch             |     2 |     2 |       ||     4
   Cast: Kiss of Death     |     5 |     3 |       ||     8
         Momentum Strike   |       |     3 |       ||     3
         Hailstorm         |       |     5 |       ||     5
         Blink             |       |       |     1 ||     1
    Use: Scroll            |       |       |     5 ||     5
         Potion            |       |       |     5 ||     5
   Stab: Sleeping          |     2 |       |       ||     2
 Armour: Leather armour    |    19 |    53 |     9 ||    81
  Dodge: Dodged            |    63 |   173 |     6 ||   242
